 Dungeon Crawl Stone Soup version 0.28.0-49-g6dfe1f597d (webtiles) character file.

Game seed: 7583281429122917976

3202 Zeld the Changer (level 9, -1/62 HPs)
             Began as an Octopode Transmuter on May 14, 2022.
             Was an Initiate of Gozag.
             Slain by a boulder beetle (63 damage)
             ... on level 8 of the Dungeon.
             The game lasted 00:11:27 (12289 turns).

Zeld the Changer (Octopode Transmuter)             Turns: 12289, Time: 00:11:28

Health: -1/62      AC:  1    Str: 13    XL:     9   Next: 96%
Magic:  19/19      EV: 15    Int: 15    God:    Gozag
Gold:   71         SH:  0    Dex: 13    Spells: 11/21 levels left

rFire   . . .      SeeInvis .     - Unarmed
rCold   . . .      Faith    .   (no shield)
rNeg    . . .      Spirit   .   (helmet restricted)
rPois   .          Reflect  .   n - amulet of regeneration
rElec   .          Harm     .   (no ring)
rCorr   .          Rampage  .   (no ring)
Will    .....                   (no ring)
Stlth   ++........              (no ring)
HPRegen 1.00/turn               (no ring)
MPRegen 0.16/turn               (no ring)
                                (no ring)
                                (no ring)

@: no status effects
A: almost no armour, amphibious, 8 rings, camouflage 1, gelatinous body 1,
(nimble swimmer 1), tentacles
a: Renounce Religion, Potion Petition, Call Merchant, Bribe Branch


You were on level 8 of the Dungeon.
You worshipped Gozag.
Gozag was noncommittal.
You visited 2 branches of the dungeon, and saw 10 of its levels.
You also visited: Ossuary.

You collected 1089 gold pieces.
You spent 367 gold pieces at shops.
You paid 651 gold pieces to Gozag.

Inventory:

Jewellery
 n - an amulet of regeneration (around mantle)
Wands
 f - a wand of digging (5)
Scrolls
 a - 2 scrolls of identify
 i - 3 scrolls of enchant weapon
 j - 2 scrolls of teleportation
 l - 2 scrolls of enchant armour
 r - 2 scrolls of blinking
 w - a scroll of holy word
Potions
 b - 3 potions of haste
 c - 2 potions of brilliance
 d - 5 potions of curing
 e - 3 potions of ambrosia {unknown}
 g - a potion of mutation {unknown}
 h - a potion of resistance {unknown}
 k - a potion of heal wounds {unknown}
 m - a potion of might {unknown}
 o - a potion of attraction {unknown}
 t - a potion of berserk rage {unknown}
 u - a potion of lignification {unknown}
 v - a potion of cancellation {unknown}
 z - a potion of flight {unknown}
Miscellaneous
 p - a piece from Xom's chessboard (14/15)


   Skills:
 * Level 5.8 Fighting
 + Level 5.2 Dodging
 - Level 3.0 Unarmed Combat
 * Level 6.7 Spellcasting
 * Level 7.2 Transmutations
 + Level 2.9 Ice Magic
 + Level 3.1 Poison Magic
 + Level 3.3 Evocations


You had 11 spell levels left.
You knew the following spells:

 Your Spells              Type           Power      Damage    Failure   Level
a - Beastly Appendage     Tmut           52%        N/A       1%          1
b - Wereblood             Tmut           26%        N/A       1%          2
c - Spider Form           Tmut/Pois      20%        N/A       4%          3
d - Ice Form              Ice/Tmut       20%        N/A       17%         4

Your spell library contained the following spells:

 Spells                   Type           Power      Damage    Failure   Level
 Ignite Poison            Fire/Tmut/Pois 15%        N/A       10%         3
 Ensorcelled Hibernation  Hex/Ice        18%        N/A       12%         2
 Animate Skeleton         Necr           10%        N/A       14%         1
 Apportation              Tloc           10%        N/A       14%         1
 Foxfire                  Conj/Fire      20%        2x1d5     14%         1
 Summon Small Mammal      Summ           20%        N/A       14%         1
 Call Canine Familiar     Summ           5%         N/A       38%         3
 Conjure Flame            Conj/Fire      5%         6-21      38%         3
 Inner Flame              Hex/Fire       5%         N/A       38%         3
 Portal Projectile        Hex/Tloc       10%        N/A       38%         3
 Anguish                  Hex/Necr       2%         N/A       80%         4
 Flame Wave               Conj/Fire      5%         2d5       80%         4
 Leda's Liquefaction      Hex/Erth       2%         N/A       80%         4
 Sticky Flame             Conj/Fire      5%         2d3       80%         4
 Lee's Rapid Deconstruct  Erth           2%         3d6*      98%         5
 Statue Form              Tmut/Erth      10%        N/A       99%         6


Dungeon Overview and Level Annotations

Branches:
Dungeon (9/15)             Temple (1/1) D:4         Ossuary (visited)
   Lair: D:8-11         Orc: D:9-12

Altars:
Cheibriados
Dithmenos
Elyvilon
Fedhas
Gozag
Hepliaklqana
Kikubaaqudgha
Makhleb
Nemelex Xobeh
Okawaru
Qazlal
Ru
Sif Muna
Trog
Uskayaw
Vehumet
Wu Jian
Xom
Yredelemnul
Zin
The Shining One

Shops:
D:6 ?*


Innate Abilities, Weirdness & Mutations

You cannot wear most types of armour.
You are amphibious.
You can wear up to eight rings at the same time.
Your skin changes colour to match your surroundings (Stealth+).
Your rubbery body absorbs attacks. (AC +1, EV +1)
((You are camouflaged when in or above water. (Stealth+)))
You have tentacles for arms and can constrict up to eight enemies at once.


Message History

HP restored.
You start resting.
Magic restored.
Casting: Ice Form (dangerous; 19% risk of failure)
Confirm with . or Enter, or press ? or * to list all spells.
You turn into a creature of crystalline ice.
You climb downwards.
There is a stone staircase leading up here.
You hit the steam dragon. You freeze the steam dragon.
The steam dragon is lightly wounded.
The steam dragon bites you.
The steam dragon claws you but does no damage.
You punch the steam dragon! You freeze the steam dragon.
The steam dragon is almost dead.
The steam dragon bites you but does no damage.
The steam dragon closely misses you.
You punch the steam dragon! You freeze the steam dragon.
You kill the steam dragon!
You now have 58 gold pieces (gained 12).
No target in view!
No target in view!
Magic restored.
j - 2 scrolls of teleportation (gained 1)
You now have 65 gold pieces (gained 7).
Your transformation is almost over.
Found a stone staircase leading up.
HP restored.
You warm up again.
You now have 71 gold pieces (gained 6).
Things that are here:
a +0 robe; a +2 dagger of venom
Found a pair of gloves.
You make a move on Xom's chessboard...
The boulder beetle resists with some effort.
The boulder beetle curls into a ball and begins rolling!
Unknown command.
The boulder beetle hits you!!!
Ouch! That really hurt!
You die...
Your body crumbles into a pile of gold.

#..........####..###### #....
.......................## #....
#........#.○..#...####..####....
#........####.#.#...###.#..<....
##........####.°.###..##...##....
................°................
#..........##...○.....###..######
..........###[##B####.# ##.#
#.....>..##..##@# #.# #.#
#........#..###<.# #.# #.#
###.##.##..## #......# #.# #.
#.##.## #.##..## ... # #.#..# #.#
.... ... ..#.## #.. .... ... .##.
..# ##. .# #. ... ..


You could see a boulder beetle (rolling).

Vanquished Creatures
  A wraith (Ossuary)
  2 steam dragons
  Edmund (D:5)
  A water moccasin (D:6)
  3 ice beasts
  An orc warrior (D:6)
  A sky beast (D:5)
  A black bear (D:6)
  2 necrophages (D:7)
  A centaur (D:5)
  2 ogres
  Blork the orc (D:5)
  2 bullfrogs
  A wyvern zombie (D:6)
  2 scorpions
  A water moccasin zombie (D:5)
  3 wights (D:7)
  A centaur zombie (D:6)
  Crazy Yiuf (D:5)
  4 bullfrog skeletons
  8 orc priests
  A hound (D:5)
  A gnoll shaman (D:7)
  2 iguanas
  6 orc wizards
  2 killer bee zombies
  A mummy (Ossuary)
  A howler monkey zombie (D:5)
  7 gnolls
  6 adders
  4 white imps
  3 worms
  5 dart slugs
  32 orcs
  7 endoplasms
  5 giant cockroaches
  12 goblins
  7 hobgoblins
  10 kobolds
  4 quokkas
  13 ball pythons
  9 bats
  2 frilled lizards (D:3)
  7 gnoll skeletons (Ossuary)
  A hobgoblin zombie (D:7)
  A jackal zombie (D:7)
  9 kobold skeletons (Ossuary)
  A kobold zombie (D:7)
  9 orc skeletons (Ossuary)
  3 rats
  A rat zombie (D:7)
212 creatures vanquished.

Vanquished Creatures (others)
  An orc (D:8)
  44 plants (D:2)
45 creatures vanquished.

Grand Total: 257 creatures vanquished

Notes
Turn   | Place    | Note
-------+----------+-------------------------------------------
     0 | D:1      | Zeld the Octopode Transmuter began the quest for the Orb.
     0 | D:1      | Reached XP level 1. HP: 13/13 MP: 3/3
   199 | D:1      | Reached XP level 2. HP: 10/18 MP: 5/5
   872 | D:1      | Reached skill level 1 in Poison Magic
   872 | D:1      | Reached XP level 3. HP: 18/23 MP: 4/6
   875 | D:1      | Learned a level 2 spell: Wereblood
   879 | D:1      | Learned a level 3 spell: Spider Form
  2052 | D:2      | Found a faded altar of an unknown god.
  2101 | D:2      | Reached skill level 1 in Ice Magic
  2106 | D:2      | Reached XP level 4. HP: 22/28 MP: 6/8
  2339 | D:2      | Reached skill level 3 in Transmutations
  2770 | D:2      | Reached XP level 5. HP: 28/33 MP: 7/9
  2958 | D:2      | Learned a level 4 spell: Ice Form
  4361 | D:4      | Noticed an ogre
  4371 | D:3      | Reached XP level 6. HP: 26/38 MP: 4/11
  4474 | D:4      | Found a staircase to the Ecumenical Temple.
  4534 | Temple   | Entered the Ecumenical Temple
  4654 | Temple   | Became a worshipper of Gozag Ym Sagoz the Greedy
  5509 | D:4      | Reached skill level 4 in Transmutations
  5548 | D:4      | Identified the +0 robe "Luciu" {Rampage *Corrode Regen+
                  | Dex+7}
  5928 | D:3      | Reached XP level 7. HP: 20/43 MP: 9/13
  6477 | D:5      | Entered Level 5 of the Dungeon
  7719 | D:5      | Noticed Edmund
  7746 | D:5      | Killed Edmund
  7871 | D:5      | Reached skill level 5 in Transmutations
  7871 | D:5      | Reached XP level 8. HP: 48/52 MP: 12/15
  8047 | D:5      | Reached skill level 5 in Spellcasting
  8530 | D:5      | Noticed Blork the orc
  8547 | D:5      | Killed Blork the orc
  8820 | D:5      | Found a runed translucent door.
  8821 | D:5      | Noticed Crazy Yiuf
  8828 | D:5      | Killed Crazy Yiuf
  8940 | D:6      | Reached skill level 1 in Evocations
  9126 | D:6      | Found Ceced's Neck Hole.
  9279 | D:6      | Reached skill level 6 in Transmutations
  9312 | D:6      | Reached XP level 9. HP: 59/59 MP: 13/17
 10079 | D:7      | Found a sand-covered staircase.
 10138 | Ossuary  | Entered an ossuary
 10282 | Ossuary  | Reached skill level 5 in Fighting
 10694 | D:6      | Bought a scroll of identify for 30 gold pieces
 10694 | D:6      | Bought 3 scrolls of identify for 90 gold pieces
 10694 | D:6      | Bought a scroll of identify for 30 gold pieces
 10822 | D:7      | Reached skill level 5 in Dodging
 11106 | D:7      | Reached skill level 7 in Transmutations
 11822 | D:6      | Bought a scroll of identify for 30 gold pieces
 11822 | D:6      | Bought a scroll of identify for 30 gold pieces
 11822 | D:6      | Bought a scroll of blinking for 112 gold pieces
 11822 | D:6      | Bought a scroll of teleportation for 45 gold pieces
 11855 | D:8      | Noticed a boulder beetle
 12289 | D:8      | Slain by a boulder beetle

Illustrated notes

Levels and vault maps discovered:
D:1:      dpeg_arrival_tiny_e, layout_loops_cross, nrook_mini_backslash
D:2:      layout_loops_ring, serial_bayou, serial_bayou_pond_d,
          serial_bayou_pond_e, serial_bayou_lagoon_a, serial_bayou_ford_a,
          shapermc_ecumenical_altar_mp_highgroup, kennysheep_minor_cross,
          grunt_ministairs_6
D:3:      layout_basic, wad_rectangle_vault
D:4:      layout_basic, minmay_temple_entry_junction, minmay_misc_feat_plants
D:5:      layout_cave_pools, uniq_crazy_yiuf_cottage, uniq_blork_the_orc,
          uniq_edmund
D:6:      layout_basic, nicolae_shop_sticking_my_neck_out
D:7:      layout_basic, enter_ossuary_3
D:8:      layout_rooms
D:9:      kennysheep_windowed_halls, layout_basic,
          mainiacjoe_overflow_tiny_flanked, solitary_fountain, uniq_pikel
Temple:   mainiacjoe_temple_trianglar_array

Skill      XL: |  1  2  3  4  5  6  7  8  9 |
---------------+----------------------------+-----
Poison Magic   | 1 2 3 |  3.1
Ice Magic      | 1 2 |  2.9
Transmutations | 3 4 5 6 7 |  7.2
Spellcasting   | 3 4 5 6 |  6.7
Dodging        | 3 4 5 |  5.2
Fighting       | 3 4 5 |  5.8
Evocations     | 2 3 |  3.3
Unarmed Combat | |  3.0

Action                   |  1- 3 |  4- 6 |  7- 9 || total
-------------------------+-------+-------+-------++-------
Melee: Unarmed           |    85 |   140 |   347 ||   572
       Constrict         |    27 |    26 |    12 ||    65
       Kick              |    22 |    17 |    13 ||    52
       Tentacles         |     9 |    15 |     8 ||    32
       Punch             |     2 |     1 |     2 ||     5
 Cast: Beastly Appendage |    20 |    24 |     8 ||    52
       Spider Form       |       |     8 |     9 ||    17
       Wereblood         |       |     1 |     2 ||     3
       Ice Form          |       |       |    34 ||    34
Invok: Call Merchant     |       |       |     1 ||     1
Evoke: Piece from Xom's  |       |       |     1 ||     1
  Use: Potion            |       |       |     2 ||     2
       Scroll            |       |       |    13 ||    13
 Stab: Sleeping          |     4 |     5 |     2 ||    11
Armor: Skin              |     4 |     7 |    87 ||    98
Dodge: Dodged            |    43 |   111 |   223 ||   377
